Map: Deathaura LE

Players

Kelazhur

  • Race: Terran Terran
  • League: Master
  • Spawn Location: 11:00

SpeCial - Winner!

  • Race: Terran Terran
  • Spawn Location: 5:00

Event: DreamHack SC2 Masters 2020 Summer Latin America

VOD

Have the link to the VOD?

Description

Time

  • Played on: June 28, 2020, 4:47 p.m.
  • Length: 11:55

All games in this series

Show
View Real Time Build Order
Export as new Build Order

Kelazhur Terran 

Build Orders: Gas First Reaper Expand, Mech 

Get SALT Encoding   

  12  0:00  SCV  
  13  0:13  SCV  
  14  0:17  Supply Depot  
  14  0:25  SCV  
  14  0:28  Refinery  
  15  0:38  SCV  
  16  0:43  Barracks  
  16  0:50  SCV  
  17  1:02  SCV  
  18  1:15  SCV  
  19  1:30  Orbital Command, Reaper  
  20  1:44  Command Center  
  20  1:54  Factory  
  20  1:58  SCV  
  21  2:05  Barracks Reactor  
  21  2:09  Supply Depot  
  21  2:11  SCV  
  22  2:18  Refinery  
  22  2:23  SCV  
  23  2:35  SCV  
  23  2:39  Hellion  
  23  2:41  Marine x2  
  27  2:50  SCV  
  27  2:56  Orbital Command  
  27  3:02  Starport, Orbital Command  
  27  3:04  SCV  
  28  3:11  Hellion x2  
  32  3:17  SCV  
  32  3:19  Barracks Tech Lab  
  33  3:28  SCV  
  33  3:30  SCV  
  33  3:32  Hellion x2  
  39  3:38  Marauder  
  41  3:43  Supply Depot  
  41  3:46  Medivac  
  41  3:48  SCV  
  44  3:51  Concussive Shells  
  44  3:53  SCV  
  45  4:05  Marauder, Hellion x2, Supply Depot  
  45  4:09  SCV  
  52  4:12  SCV  
  53  4:21  SCV  
  53  4:26  SCV  
  53  4:27  Viking  
  53  4:30  Supply Depot, Hellion  
  57  4:31  Hellion  
  57  4:37  SCV  
  59  4:39  SCV  
  60  4:49  SCV  
  60  4:51  SCV  
  62  5:01  Command Center, SCV  
  62  5:03  Siege Tank, Marine  
  67  5:09  SCV  
  67  5:14  SCV  
  65  5:21  SCV  
  66  5:22  Refinery  
  66  5:23  Refinery, Supply Depot  
  66  5:26  SCV, Viking  
  69  5:33  SCV  
  70  5:36  Engineering Bay  
  70  5:39  Supply Depot  
  70  5:44  Supply Depot, SCV  
  70  5:45  SCV  
  72  5:56  Factory  
  72  5:57  SCV  
  73  5:58  SCV  
  73  5:59  Factory  
  74  6:09  SCV  
  74  6:10  Siege Tank, Marine x2, SCV  
  81  6:14  Orbital Command  
  81  6:18  Starport Tech Lab  
  81  6:23  Armory x2, SCV x2  
  83  6:31  Supply Depot  
  83  6:35  SCV x2  
  75  6:47  SCV  
  75  6:48  SCV  
  75  6:51  Siege Tank  
  80  6:54  SCV  
  80  6:58  Orbital Command, Missile Turret  
  80  7:00  Siege Tank, SCV  
  80  7:01  Starport Reactor, Hellion x2  
  89  7:06  SCV  
  90  7:12  SCV  
  91  7:18  Terran Vehicle Weapons Level 1, SCV  
  91  7:19  Terran Vehicle And Ship Armor Level 1  
  91  7:21  Refinery  
  91  7:22  Refinery  
  90  7:24  Siege Tank, SCV  
  90  7:25  Hellion x2  
  90  7:27  SCV  
  99  7:30  SCV  
  99  7:36  SCV  
  101  7:37  Viking  
  101  7:38  Viking  
  101  7:40  Siege Tank  
  104  7:48  SCV x2  
  104  7:50  Hellion  
  93  7:57  Siege Tank  
  77  8:00  Orbital Command, SCV x2  
  75  8:12  SCV x2  
  76  8:24  Siege Tank, SCV x2, Hellion x2  
  76  8:25  SCV  
  86  8:36  SCV  
  86  8:37  SCV  
  86  8:38  Starport Reactor, SCV  
  89  8:49  SCV x2  
  89  8:50  SCV  
  89  8:51  Siege Tank, Hellion x2  
  89  8:54  Infernal Pre-Igniter  
  99  9:01  SCV x2  
  99  9:02  SCV  
  100  9:03  Siege Tank  
  103  9:13  Command Center, SCV x2  
  103  9:14  Missile Turret  
  103  9:15  SCV  
  106  9:17  Missile Turret  
  106  9:18  Hellion x2  
  106  9:19  Missile Turret  
  106  9:22  Viking, Missile Turret  
  114  9:24  Medivac  
  114  9:25  Factory, SCV x2  
  114  9:27  SCV  
  117  9:36  Supply Depot  
  117  9:37  Supply Depot x2, SCV x2  
  113  9:39  SCV  
  113  9:43  Siege Tank  
  113  9:44  Siege Tank, Hellion x2  
  116  9:49  SCV  
  116  9:50  Sensor Tower  
  116  9:51  SCV  
  116  9:52  SCV  
  105  10:01  SCV  
  105  10:03  SCV  
  105  10:04  SCV  
  108  10:12  Hellion x2  
  108  10:13  SCV, Factory Tech Lab  
  113  10:14  Viking x2  
  113  10:16  SCV x2  
  113  10:17  Factory  
  117  10:32  SCV  
  117  10:33  Siege Tank  
  117  10:34  SCV x2  
  121  10:39  Hellion x2  
  125  10:43  Factory Tech Lab x2  
  125  10:47  Medivac  
  127  10:50  Sensor Tower  
  127  10:52  SCV x3  
  127  10:55  Supply Depot  
  130  10:57  Refinery x2  
  130  11:02  Siege Tank  
  130  11:03  Factory Reactor, Hellion x2  
  132  11:08  Siege Tank  
  116  11:12  SCV x3  
  116  11:13  Viking  
  109  11:19  Viking  
  109  11:31  Hellion x3, SCV  
Show
View Real Time Build Order
Export as new Build Order

SpeCial Terran - Winner!

Build Orders: Reaper Expand 

Get SALT Encoding   

  12  0:00  SCV  
  13  0:13  SCV  
  14  0:17  Supply Depot  
  14  0:25  SCV  
  15  0:38  SCV  
  15  0:39  Barracks  
  16  0:43  Refinery  
  16  0:50  SCV  
  17  1:02  SCV  
  18  1:16  SCV  
  19  1:27  Reaper  
  19  1:29  Orbital Command  
  20  1:44  Command Center  
  20  1:51  Supply Depot  
  20  1:55  SCV  
  20  1:59  Marine  
  22  2:07  SCV  
  23  2:10  Factory  
  23  2:17  Marine  
  23  2:19  SCV  
  25  2:25  Refinery  
  25  2:31  SCV  
  26  2:37  Barracks Reactor  
  26  2:43  SCV  
  27  2:55  SCV  
  27  2:58  Hellion  
  30  3:00  Bunker  
  30  3:05  Starport  
  30  3:07  Orbital Command, SCV  
  31  3:14  Marine x2  
  31  3:19  SCV  
  34  3:20  Factory Tech Lab  
  34  3:32  Marine x2, SCV  
  34  3:33  SCV  
  38  3:44  SCV  
  38  3:45  Supply Depot, SCV  
  38  3:47  Raven  
  42  3:48  Factory Tech Lab  
  42  3:51  Marine x2  
  44  3:56  SCV  
  44  3:57  SCV  
  44  4:02  Command Center  
  46  4:07  Cyclone  
  49  4:10  Supply Depot  
  49  4:12  SCV  
  49  4:13  SCV  
  49  4:15  Marine  
  49  4:16  Marine  
  53  4:28  SCV  
  54  4:32  Marine  
  54  4:33  Banshee  
  54  4:34  Marine  
  57  4:39  SCV  
  57  4:40  SCV  
  57  4:45  Siege Tank  
  62  4:56  Marine x2, SCV x2  
  66  5:06  Barracks  
  66  5:08  SCV  
  66  5:09  Barracks  
  67  5:14  SCV  
  67  5:18  Refinery x2, Orbital Command  
  67  5:20  SCV  
  69  5:24  Starport Reactor  
  69  5:25  Marine  
  69  5:26  Stimpack, Engineering Bay x2  
  70  5:29  SCV  
  71  5:36  Siege Tank  
  71  5:38  SCV  
  71  5:41  SCV  
  76  5:43  Marine  
  76  5:44  SCV  
  76  5:47  Supply Depot  
  75  5:50  SCV  
  75  5:53  Terran Infantry Weapons Level 1, SCV  
  75  5:57  SCV  
  77  6:02  SCV  
  78  6:04  Medivac  
  78  6:05  SCV  
  78  6:08  Orbital Command, Medivac  
  83  6:11  Orbital Command  
  83  6:12  Missile Turret  
  83  6:18  Terran Infantry Armor Level 1  
  83  6:19  SCV  
  83  6:20  Barracks  
  83  6:21  Barracks  
  83  6:23  Marine x2, SCV  
  83  6:24  Marauder x2  
  91  6:31  SCV  
  92  6:35  Combat Shield, SCV  
  93  6:43  SCV  
  93  6:52  Supply Depot  
  93  6:53  Supply Depot, Marine x2, SCV x2, Medivac x2  
  101  7:08  Barracks Tech Lab  
  101  7:10  Armory  
  101  7:13  Marine  
  101  7:14  Marauder x2, Marine, SCV x3  
  110  7:23  Barracks Reactor  
  110  7:25  Command Center  
  110  7:26  SCV x3  
  113  7:35  Marine x2  
  113  7:36  Marauder x2  
  117  7:49  SCV  
  117  7:51  SCV x2  
  117  7:56  Marine x2  
  117  7:57  Marauder x2  
  111  8:00  Command Center, Fusion Core  
  111  8:01  SCV, Medivac x2  
  111  8:03  SCV x2  
  115  8:10  Marine x2  
  114  8:13  SCV  
  114  8:14  Marine x2  
  114  8:15  SCV  
  117  8:21  SCV, Barracks x2  
  117  8:22  Refinery, Supply Depot x2  
  117  8:24  Barracks  
  117  8:25  SCV  
  117  8:26  Supply Depot  
  117  8:27  Marauder x2, Concussive Shells, Marine x2, SCV  
  117  8:32  Marine  
  125  8:37  Marauder, Marine, SCV, Medivac x2  
  125  8:38  SCV  
  125  8:39  Orbital Command  
  125  8:41  SCV  
  135  8:45  Marine  
  136  8:49  Marine, Rapid Reignition System  
  136  8:50  SCV  
  136  8:51  SCV  
  136  8:53  SCV  
  136  8:55  Marine  
  140  8:57  Supply Depot  
  140  8:59  Marine  
  140  9:01  Marauder  
  140  9:02  Terran Infantry Weapons Level 2, SCV  
  144  9:03  Marine, SCV  
  144  9:05  SCV  
  144  9:07  Marine  
  144  9:08  Terran Infantry Armor Level 2  
  148  9:11  SCV  
  148  9:12  Marine  
  148  9:14  SCV  
  148  9:15  Barracks Tech Lab x2, SCV  
  148  9:16  Barracks Tech Lab  
  152  9:17  Marine  
  152  9:21  Marauder x2, Marine  
  158  9:25  Marine  
  158  9:30  Marine  
  162  9:31  Marauder  
  162  9:33  Marine  
  162  9:35  Marine  
  158  9:41  Marauder x2  
  158  9:42  Marauder x2  
  158  9:43  Marine x2  
  158  9:44  Orbital Command  
  160  9:48  Marine  
  160  9:52  Marauder, Marine  
  161  9:53  Marauder  
  161  9:54  Medivac x2  
  147  10:00  Marine  
  147  10:01  Marine  
  147  10:03  Marauder x2, Marine  
  147  10:04  Marauder  
  147  10:06  Marine  
  157  10:10  Marine, SCV x2  
  157  10:11  SCV x3  
  157  10:13  Marauder, Marine  
  166  10:18  Marine  
  166  10:19  Marine  
  168  10:21  Marauder  
  168  10:23  Sensor Tower  
  168  10:24  Marauder x2, Marine, Medivac x2  
  168  10:25  Marauder  
  181  10:28  Marine  
  181  10:31  Marine  
  181  10:35  Marauder  
  185  10:36  Marine x2  
  187  10:45  Supply Depot x2  
  187  10:47  Marauder x2, Marine x4  
  195  11:01  Marine x2  
  195  11:02  Marauder  
  195  11:03  Marauder  
  184  11:04  Marine x2  
  184  11:05  Marauder x2  
  184  11:08  Marine  
  184  11:09  Marauder  
  149  11:19  Marine x2, Medivac x2  
  149  11:22  Marine x2  
  149  11:23  Marine  
  149  11:24  Marauder  
  156  11:26  Marauder x3  
  156  11:30  Marauder  
  159  11:40  Command Center  
Tags
 
Add a new tag
Caveats
  • Supply blocks, unpowered buildings, or Contaminate may cause inaccurate times.
  • Supply counts are checked every 10 seconds.